 Dungeon Crawl Stone Soup version 0.30-a0-912-ge10d75a (webtiles) character file.

Game seed: 13909966284709865124

203 Illumine the Shield-Bearer (level 5, 0/28 HPs)
             Began as a Vine Stalker Fighter on Mar 19, 2023.
             Slain by a gnoll
             ... wielding a +0 spear
              (3 damage)
             ... on level 3 of the Dungeon.
             The game lasted 00:03:33 (1948 turns).

Illumine the Shield-Bearer (Vine Stalker Fighter)   Turns: 1948, Time: 00:03:33

Health: 0/28       AC:  8    Str: 19    XL:     5   Next: 81%
Magic:  0/9        EV:  9    Int:  8    God:
Gold:   161        SH:  5    Dex: 15    Spells: 8/8 levels left

rFire   . . .      SeeInvis .    a - +0 long sword
rCold   . . .      Faith    .    c - +0 buckler
rNeg    . . .      Spirit   +    b - +0 scale mail
rPois   .          Reflect  .    j - +0 helmet
rElec   .          Rampage  .    (no cloak)
rCorr   .                        g - +0 pair of gloves
Will    .....                    (no boots) Stlth
                                 (no amulet)
HPRegen 1.04/turn                (no ring)
MPRegen 0.11/turn                (no ring)

@: mighty
A: fangs 2, regeneration 1, magic shield, antimagic bite, no potion heal 2
a: no special abilities


You were on level 3 of the Dungeon.
You visited 1 branch of the dungeon, and saw 3 of its levels.

You collected 161 gold pieces.

Inventory:

Hand Weapons
 a - a +0 long sword (weapon)
Missiles
 l - a throwing net (quivered)
 m - 2 poisoned darts
 n - 4 curare-tipped darts
Armour
 b - a +0 scale mail (worn)
 c - a +0 buckler (worn)
 g - a +0 pair of gloves (worn)
 j - a +0 helmet (worn)
Jewellery
 q - a ring of resist corrosion
Wands
 k - a wand of polymorph (4)
Scrolls
 e - 6 scrolls of identify {unknown}
 p - a scroll of torment {unknown}
Potions
 f - a potion of heal wounds {unknown}
 h - 3 potions of mutation {unknown}
 i - a potion of flight {unknown}
 o - a potion of magic {unknown}


   Skills:
 + Level 3.6 Fighting
 + Level 3.0 Long Blades
 - Level 2.4 Armour
 + Level 3.7 Shields
 + Level 2.4 Spellcasting


You had 8 spell levels left.
You didn't know any spells.
Your spell library contained the following spells:

 Spells                   Type           Power      Damage    Failure   Level
 Summon Small Mammal      Summ           0%         N/A       80%         1
 Call Canine Familiar     Summ           0%         N/A       99%         3
 Summon Guardian Golem    Hex/Summ       0%         N/A       99%         3


Dungeon Overview and Level Annotations

Branches:
Dungeon (3/15)

Altars:


Innate Abilities, Weirdness & Mutations

You have extremely sharp teeth.
Your natural rate of healing is unusually fast.
When hurt, damage is shared between your health and your magic reserves.
Your bite disrupts and absorbs the magic of your enemies.
Potions cannot restore your health.


Message History

You drain its magic.
You feel invigorated.
The orc wizard is moderately wounded.
The orc wizard's magic is no longer disrupted.
The orc wizard hits you with a +0 dagger.
You block the orc's attack. The gnoll closely misses you.
The gnoll hits you from afar with a +0 spear.
You closely miss the orc wizard. You bite the orc wizard.
The orc wizard's magic leaks into the air.
You drain its magic.
You feel invigorated.
The orc wizard is moderately wounded.
The orc wizard hits you but does no damage.
The orc closely misses you. The gnoll barely misses you.
The gnoll hits you from afar with a +0 spear!
Something hits you but does no damage. x2; You block the gnoll's attack.
The orc wizard barely misses you. The orc misses you.
The gnoll hits you from afar with a +0 spear.
You slash the orc wizard! Your bite misses the orc wizard.
The orc wizard is almost dead.
The orc wizard gestures at you while chanting.
The puff of flame hits you!
* * * LOW HITPOINT WARNING * * *
You block the orc's attack.
The gnoll hits you from afar with a +0 spear.
* * * LOW HITPOINT WARNING * * *
The gnoll closely misses you.
You hear some strange, mumbled words.
A puff of flame appears from out of thin air!
The puff of flame hits you.
* * * LOW HITPOINT WARNING * * *
You feel very mighty all of a sudden.
The orc wizard hits you but does no damage.
You block the orc's attack. The gnoll closely misses you. x2
Something hits you but does no damage.
Unknown command.
You slash the orc wizard!
You kill the orc wizard!
Something hits you but does no damage. The orc hits you but does no damage.
The gnoll hits you but does no damage.
The gnoll hits you from afar with a +0 spear.
You die...

#................# .....
#.........######## .....
+.........+......)
......#.........########
#....#.........#.......
#....#.).......#.......
#......................
.#....o.................
....$g{@.............#..
......)g..........####..
........................
........................
......#######...........
......##### #...........
......#....##......##.##
...................#....
#..............###.(


You could see 2 gnolls and an orc.

Vanquished Creatures
  An orc priest (D:3)
  A jelly (D:3)
  Terence (D:3)
  An orc wizard (D:3)
  A gnoll (D:3)
  2 adders
  A worm (D:2)
  A dart slug (D:2)
  5 orcs (D:3)
  5 bats
  7 endoplasms
  3 giant cockroaches
  7 hobgoblins
  13 jackals
  6 kobolds
  2 quokkas (D:2)
  6 ball pythons
  6 frilled lizards
  2 goblins
  6 rats
77 creatures vanquished.

Vanquished Creatures (others)
  5 plants (D:3)
5 creatures vanquished.

Grand Total: 82 creatures vanquished

Notes
Turn   | Place    | Note
-------+----------+-------------------------------------------
     0 | D:1      | Illumine the Vine Stalker Fighter began the quest for the
                  | Orb.
     0 | D:1      | Reached XP level 1. HP: 11/11 MP: 2/2
   116 | D:1      | Reached XP level 2. HP: 16/16 MP: 3/3
   331 | D:1      | Reached skill level 1 in Spellcasting
   331 | D:1      | Reached XP level 3. HP: 20/20 MP: 3/5
  1117 | D:2      | Gained mutation: Your natural rate of healing is unusually
                  | fast. [Vine Stalker growth]
  1117 | D:2      | Reached XP level 4. HP: 24/24 MP: 7/7
  1702 | D:3      | Noticed Terence
  1714 | D:3      | Killed Terence
  1827 | D:3      | Reached XP level 5. HP: 28/28 MP: 7/9
  1946 | D:3      | HP: 1/28 [something/puff of flame (3)]
  1948 | D:3      | Slain by a gnoll

Illustrated notes

Levels and vault maps discovered:
D:1:      minmay_arrival_stone_box, layout_basic
D:2:      layout_loops_ring
D:3:      layout_basic, chequers_big_river, minmay_misc_feat_alley, uniq_terence

Skill      XL: |  1  2  3  4  5 |
---------------+----------------+-----
Long Blades    | 2 3 |  3.0
Fighting       | 3 |  3.6
Shields        | 3 |  3.7
Spellcasting   | 1 2 |  2.4
Armour         | |  2.4

Action                     |  1- 3 |  4- 6 || total
---------------------------+-------+-------++-------
  Melee: Long sword        |   101 |   100 ||   201
         Bite              |    21 |    29 ||    50
    Use: Potion            |       |     1 ||     1
 Armour: Scale mail        |    63 |    49 ||   112
  Dodge: Dodged            |    33 |    55 ||    88
  Block: Buckler           |    29 |    26 ||    55

Table legend: (Time is in decaauts)
 A = Elapsed time spent in this place.
 B = Non-inter-level travel time spent in this place.
 C = Inter-level travel time spent in this place.
 D = Time resting spent in this place.
 E = Time spent auto-exploring this place.
 F = Levels seen in this place.
 G = Mean time per level.
                   A        B        C        D        E       F      G
               +--------+--------+--------+--------+--------+-----+--------+
         Total |   2010 |   1946 |     64 |     15 |   1369 |   3 |  670.0 |
       Dungeon |   2010 |   1946 |     64 |     15 |   1369 |   3 |  670.0 |
               +--------+--------+--------+--------+--------+-----+--------+

Top non-repeatable levels by time:
     D:1: 1017 daAuts
     D:2: 718 daAuts
     D:3: 275 daAuts
